Map: Blackburn LE

Players

PtitDrogo - Winner!

  • Race: Protoss Protoss

Elazer

  • Race: Zerg Zerg

Event: DreamHack SC2 Masters 2021 Fall

VOD

Have the link to the VOD?

Description

Time

  • Played on: Aug. 7, 2021, 12:11 p.m.
  • Length: 14:15

All games in this series

Show
View Real Time Build Order
Export as new Build Order

PtitDrogo Protoss - Winner!

Build Orders: 1 Gate Expand, Oracle Opening 

Get SALT Encoding   

  12  0:00  Probe  
  13  0:13  Probe  
  14  0:20  Pylon  
  14  0:25  Probe  
  15  0:38  Probe (Chrono Boost)  
  15  0:41  Gateway  
  16  0:47  Probe (Chrono Boost)  
  17  0:50  Assimilator  
  17  0:52  Probe (Chrono Boost)  
  18  1:04  Probe  
  19  1:16  Probe  
  20  1:27  Nexus  
  20  1:37  Cybernetics Core  
  20  1:40  Probe  
  20  1:46  Assimilator  
  21  1:52  Probe  
  22  1:56  Pylon  
  22  2:04  Probe  
  23  2:11  Adept (Chrono Boost)  
  25  2:17  Probe  
  25  2:20  Stargate  
  26  2:26  Warp Gate  
  26  2:29  Probe (Chrono Boost)  
  27  2:31  Adept (Chrono Boost)  
  29  2:39  Probe (Chrono Boost)  
  31  2:47  Probe (Chrono Boost)  
  31  2:49  Probe (Chrono Boost)  
  32  2:53  Probe (Chrono Boost)  
  32  2:54  Adept  
  32  2:55  Probe  
  36  3:07  Oracle (Chrono Boost), Probe  
  36  3:09  Probe  
  41  3:14  Pylon  
  41  3:19  Probe  
  42  3:22  Probe  
  43  3:30  Gateway  
  43  3:31  Probe  
  44  3:34  Oracle (Chrono Boost), Probe  
  44  3:39  Pylon  
  48  3:43  Probe  
  48  3:46  Probe  
  50  3:56  Probe  
  50  3:58  Probe  
  52  4:02  Nexus  
  52  4:08  Probe (Chrono Boost)  
  52  4:09  Oracle  
  56  4:10  Probe (Chrono Boost)  
  56  4:15  Pylon  
  57  4:17  Assimilator  
  57  4:19  Assimilator  
  59  4:24  Probe (Chrono Boost)  
  59  4:28  Probe (Chrono Boost)  
  59  4:30  Probe (Chrono Boost)  
  60  4:34  Probe  
  60  4:38  Twilight Council, Forge  
  61  4:39  Probe  
  61  4:40  Adept  
  61  4:42  Adept  
  66  4:46  Probe  
  66  4:51  Probe  
  68  4:56  Gateway  
  68  4:58  Probe  
  69  5:00  Gateway  
  69  5:03  Probe  
  62  5:08  Sentry x2  
  62  5:11  Probe (Chrono Boost)  
  62  5:13  Gateway  
  67  5:15  Gateway, Probe (Chrono Boost)  
  67  5:17  Probe (Chrono Boost)  
  67  5:20  Protoss Ground Weapons Level 1 (Chrono Boost)  
  69  5:26  Probe (Chrono Boost)  
  69  5:27  Blink, Probe (Chrono Boost)  
  71  5:33  Probe x3 (Chrono Boost)  
  74  5:39  Sentry  
  74  5:40  Sentry  
  78  5:44  Probe x2  
  78  5:45  Probe (Chrono Boost)  
  78  5:46  Robotics Facility  
  78  5:49  Pylon  
  81  5:54  Assimilator  
  81  5:55  Assimilator  
  83  5:57  Probe (Chrono Boost)  
  83  6:02  Probe (Chrono Boost)  
  83  6:03  Probe (Chrono Boost)  
  84  6:06  Probe (Chrono Boost)  
  85  6:19  Stalker x4  
  85  6:21  Pylon  
  85  6:22  Pylon  
  85  6:24  Gateway  
  93  6:28  Gateway x2  
  93  6:31  Pylon  
  93  6:39  Observer  
  91  6:47  Stalker  
  91  6:48  Stalker x5  
  103  6:56  Pylon x2  
  103  6:57  Warp Prism (Chrono Boost)  
  105  7:02  Pylon  
  105  7:11  Stalker x2  
  105  7:15  Stalker x4  
  111  7:19  Protoss Ground Weapons Level 2 (Chrono Boost)  
  111  7:21  Zealot  
  117  7:23  Stalker x2  
  117  7:26  Robotics Bay  
  121  7:37  Pylon  
  121  7:39  Pylon  
  121  7:43  Stalker x5  
  131  7:46  Zealot  
  131  7:48  Zealot  
  135  7:52  Zealot  
  135  7:53  Zealot  
  139  8:09  Stalker x3  
  143  8:13  Probe x2  
  143  8:14  Probe  
  138  8:21  Sentry x3  
  138  8:25  Probe x2  
  124  8:38  Disruptor (Chrono Boost)  
  111  8:46  Stalker x7  
  105  9:06  Dark Shrine  
  105  9:07  Zealot x2  
  105  9:08  Shield Battery  
  105  9:09  Shield Battery  
  109  9:10  Disruptor (Chrono Boost), Zealot x4  
  120  9:17  Pylon  
  120  9:34  Nexus  
  120  9:37  Disruptor (Chrono Boost)  
  123  9:49  Robotics Facility  
  123  9:55  Zealot x5  
  123  9:56  Charge (Chrono Boost), Zealot x4  
  123  9:58  Disruptor (Chrono Boost)  
  144  10:17  Probe  
  144  10:19  Dark Templar x3  
  151  10:21  Dark Templar  
  153  10:29  Probe  
  153  10:32  Zealot x5  
  164  10:43  Disruptor x2 (Chrono Boost)  
  164  10:48  Probe  
  167  11:00  Probe  
  167  11:01  Probe  
  163  11:05  Probe  
  162  11:11  Stalker x5  
  162  11:12  Stalker x3  
  162  11:14  Disruptor (Chrono Boost)  
  162  11:18  Probe  
  180  11:19  Protoss Ground Weapons Level 3 (Chrono Boost)  
  174  11:39  Probe x2  
  176  11:40  Assimilator  
  176  11:42  Assimilator  
  176  11:45  Immortal (Chrono Boost)  
  176  11:52  Pylon  
  176  11:53  Pylon  
  180  11:55  Pylon  
  180  12:03  Probe x2  
  180  12:04  Probe  
  177  12:09  Immortal  
  177  12:14  Zealot x2  
  177  12:15  Zealot x7  
  142  12:27  Probe x3  
  139  12:41  Dark Templar x8  
  153  12:44  Archon  
  153  12:45  Archon x3  
  153  12:46  Dark Templar  
  149  12:59  Probe  
  120  13:14  Zealot  
  120  13:16  Disruptor x2 (Chrono Boost), Zealot x7  
  130  13:30  Probe  
  131  13:41  Zealot x9  
  136  14:01  Stalker  
  136  14:02  Stalker x5  
Show
View Real Time Build Order
Export as new Build Order

Elazer Zerg 

Build Orders: Hatch First 

Get SALT Encoding   

  12  0:00  Drone  
  13  0:12  Overlord  
  13  0:17  Drone  
  14  0:30  Drone x2  
  16  0:50  Hatchery  
  16  0:51  Drone  
  16  0:55  Drone  
  17  0:58  Drone  
  18  1:08  Extractor  
  17  1:14  Spawning Pool  
  17  1:17  Drone  
  17  1:20  Drone  
  18  1:28  Drone  
  19  1:40  Drone  
  20  1:50  Overlord  
  20  2:01  Queen x2  
  20  2:03  Zergling x2, Drone  
  26  2:11  Zergling x2, Metabolic Boost  
  26  2:13  Drone  
  28  2:24  Drone x2  
  30  2:32  Drone  
  30  2:34  Drone  
  32  2:40  Queen  
  32  2:43  Zergling x2  
  35  2:44  Overlord  
  35  2:54  Hatchery  
  34  3:03  Spore Crawler  
  33  3:07  Drone  
  33  3:08  Overlord  
  33  3:09  Drone x2  
  33  3:11  Drone x2  
  38  3:14  Drone  
  38  3:15  Drone  
  38  3:17  Drone  
  41  3:21  Drone  
  42  3:30  Queen  
  42  3:31  Spore Crawler  
  43  3:34  Drone x2  
  43  3:37  Overlord  
  45  3:41  Queen  
  45  3:43  Drone  
  48  3:49  Drone x3  
  48  3:52  Drone  
  52  3:57  Drone x4  
  56  4:03  Zergling x2  
  56  4:06  Zergling x4  
  59  4:10  Zergling x2  
  59  4:13  Zergling x4  
  59  4:15  Overlord  
  62  4:17  Spore Crawler  
  62  4:19  Spore Crawler, Drone  
  62  4:20  Drone  
  62  4:28  Queen  
  64  4:32  Drone x2  
  64  4:36  Roach Warren  
  64  4:37  Extractor  
  64  4:40  Extractor, Drone x5  
  64  4:43  Overlord  
  68  4:45  Drone  
  68  4:46  Drone  
  68  4:48  Drone x2  
  68  4:51  Drone x2  
  74  4:59  Drone x2  
  74  5:00  Drone  
  74  5:01  Drone x2  
  74  5:02  Drone x2  
  74  5:06  Overlord  
  73  5:09  Lair  
  73  5:13  Drone x6  
  79  5:14  Drone  
  80  5:22  Hatchery  
  79  5:29  Overlord  
  79  5:30  Queen  
  79  5:35  Drone x6  
  85  5:37  Extractor  
  85  5:41  Evolution Chamber  
  85  5:42  Drone x6  
  89  5:44  Drone  
  89  5:46  Extractor  
  89  5:47  Extractor  
  89  5:48  Drone x3  
  91  5:52  Overlord  
  91  5:55  Queen  
  92  5:59  Overlord  
  92  6:07  Drone x5  
  92  6:10  Evolution Chamber  
  96  6:15  Overlord  
  96  6:18  Zerg Missile Weapons Level 1  
  97  6:20  Infestation Pit  
  97  6:21  Zergling x16  
  97  6:22  Baneling Nest  
  103  6:29  Overlord  
  103  6:31  Hatchery  
  102  6:36  Roach  
  102  6:37  Roach x4  
  109  6:41  Roach x5  
  109  6:44  Drone  
  109  6:45  Drone  
  120  6:52  Overseer  
  120  6:54  Roach x4  
  128  6:59  Hive  
  128  7:00  Drone  
  129  7:02  Spire  
  129  7:04  Overlord  
  129  7:05  Roach x3  
  134  7:11  Ravager x2  
  134  7:13  Overlord x3  
  135  7:21  Roach  
  136  7:27  Roach x4  
  143  7:30  Overlord  
  143  7:33  Roach x7  
  143  7:34  Ravager x5  
  162  7:39  Overlord x3  
  162  7:50  Baneling x2  
  162  7:51  Roach x6  
  161  8:03  Drone x9, Centrifical Hooks  
  161  8:04  Overlord  
  164  8:09  Zergling x26  
  174  8:20  Hatchery  
  174  8:22  Zerg Melee Weapons Level 1  
  174  8:23  Greater Spire  
  164  8:29  Zergling x18  
  156  8:35  Zergling x8  
  156  8:40  Zergling x6  
  153  8:42  Adrenal Glands  
  153  8:45  Queen  
  154  8:50  Zergling x6  
  149  8:56  Glial Reconstitution  
  149  8:57  Overlord  
  149  8:58  Drone x5  
  149  9:05  Zergling x12  
  155  9:14  Drone x4  
  159  9:20  Viper x3  
  168  9:25  Ravager  
  168  9:26  Ravager  
  168  9:27  Ravager  
  168  9:28  Zergling x14  
  178  9:33  Evolution Chamber  
  177  9:42  Spore Crawler  
  177  9:43  Spore Crawler, Drone x9  
  177  9:44  Drone  
  185  9:48  Corruptor, Zerg Flyer Weapons Level 1  
  184  9:54  Baneling x10  
  184  9:58  Zergling x14  
  185  10:13  Roach x7  
  194  10:18  Zergling x10  
  194  10:19  Zergling x2  
  200  10:22  Zerg Melee Weapons Level 2, Zerg Missile Weapons Level 2  
  200  10:30  Overlord  
  200  10:31  Overseer x3, Overlord  
  200  10:32  Overseer, Pneumatized Carapace  
  200  10:40  Baneling x7  
  200  10:41  Baneling  
  199  10:45  Extractor  
  199  10:46  Extractor, Spine Crawler x2  
  195  10:55  Overseer x2  
  190  10:59  Drone x6  
  190  11:01  Drone x3  
  190  11:02  Drone x2  
  191  11:07  Drone x5  
  191  11:09  Zergling x2  
  191  11:10  Zergling x14  
  198  11:18  Zergling x6  
  198  11:30  Spine Crawler x2  
  198  11:32  Zergling x32  
  191  11:42  Baneling x19  
  191  11:46  Zergling x6  
  194  11:51  Drone x5  
  197  12:06  Zergling x10  
  156  12:17  Roach  
  156  12:18  Roach x14  
  165  12:27  Roach x7  
  159  12:38  Baneling x4  
  159  12:39  Baneling x4  
  159  12:43  Roach x6  
  159  12:44  Roach x3  
  177  12:50  Zergling x12  
  182  12:58  Zergling x8  
  161  13:17  Zergling x4  
  161  13:18  Overlord x3  
  153  13:23  Roach x14  
  148  13:34  Roach  
  126  13:42  Roach x13  
  126  13:47  Zergling x8  
  145  13:52  Zergling x4  

Tags
 
Add a new tag
Caveats
  • Supply blocks, unpowered buildings, or Contaminate may cause inaccurate times.
  • Supply counts are checked every 10 seconds.